 Dungeon Crawl Stone Soup version 0.26-a0-752-gcff87cac9a (webtiles) character file.

Game seed: 7036535267820261231

182 Gargoyl the Skirmisher (level 5, -10/47 HPs)
             Began as a Gnoll Abyssal Knight on Nov 6, 2020.
             Was a Believer of Lugonu.
             Mangled by an ogre
             ... wielding a +0 giant club
              (21 damage)
             ... on level 3 of the Dungeon.
             The game lasted 00:03:52 (2710 turns).

Gargoyl the Skirmisher (Gnoll Abyssal Knight)       Turns: 2710, Time: 00:03:53

Health: -10/47     AC: 11    Str: 15    XL:     5   Next: 62%
Magic:  8/8        EV:  8    Int: 14    God:    Lugonu [**....]
Gold:   132        SH:  0    Dex: 15    Spells: 7/7 levels left

rFire    . . .     SeeInvis .   a - +1 hand axe
rCold    + . .     Faith    .   (no shield)
rNeg     + . .     Spirit   .   d - +1 chain mail {rPois}
rPois    +         Reflect  .   (no helmet)
rElec    .         Harm     .   u - scarf {repulsion}
rCorr    .         Rampage  .   (no gloves)
MR       .....                  r - +0 pair of boots
Stlth    ..........             (no amulet)
HPRegen  0.15/turn              i - ring of positive energy
MPRegen  0.11/turn              j - ring of protection from cold

@: repel missiles
A: distributed training, fangs 1, strong nose
a: Depart the Abyss, Bend Space, Renounce Religion


You were on level 3 of the Dungeon.
You worshipped Lugonu.
Lugonu was pleased with you.
You visited 1 branch of the dungeon, and saw 3 of its levels.
You visited the Abyss 1 time.

You collected 132 gold pieces.

Inventory:

Hand Weapons
 a - a +1 hand axe (weapon)
Missiles
 b - 2 poisoned darts (quivered)
Armour
 d - a +1 chain mail of poison resistance (worn)
 r - a +0 pair of boots (worn)
 u - a scarf of repulsion (worn)
Jewellery
 g - an uncursed ring of poison resistance
 i - a ring of positive energy (left hand)
 j - a ring of protection from cold (right hand)
Wands
 e - a wand of acid (7)
Scrolls
 f - 3 scrolls of teleportation
 k - 2 scrolls of remove curse
 q - a scroll of identify
 s - a scroll of random uselessness {unknown}
 t - a scroll of enchant weapon {unknown}
Potions
 c - 2 potions of mutation {unknown}
 h - a potion of lignification {unknown}
 l - a potion of degeneration {unknown}
 m - a potion of ambrosia {unknown}
 n - a potion of curing {unknown}
 o - 2 potions of heal wounds {unknown}
 p - 2 potions of flight {unknown}


   Skills:
 + Level 6.7 Fighting
 + Level 1.5 Short Blades
 + Level 1.5 Long Blades
 + Level 4.8 Axes
 + Level 1.5 Maces & Flails
 + Level 1.5 Polearms
 + Level 1.5 Staves
 + Level 1.5 Slings
 + Level 1.5 Bows
 + Level 1.5 Crossbows
 + Level 1.5 Throwing
 + Level 4.8 Armour
 + Level 3.0 Dodging
 + Level 1.5 Stealth
 + Level 1.5 Shields
 + Level 1.5 Unarmed Combat
 + Level 1.5 Spellcasting
 + Level 1.2 Conjurations
 + Level 1.2 Hexes
 + Level 1.2 Summonings
 + Level 1.2 Necromancy
 + Level 1.2 Translocations
 + Level 1.2 Transmutations
 + Level 1.2 Fire Magic
 + Level 1.2 Ice Magic
 + Level 1.2 Air Magic
 + Level 1.2 Earth Magic
 + Level 1.2 Poison Magic
 + Level 4.9 Invocations
 + Level 1.5 Evocations


You had 7 spell levels left.
You didn't know any spells.
Your spell library was empty.

Dungeon Overview and Level Annotations

Branches:
Dungeon (3/15)

Altars:
Okawaru
Sif Muna


Innate Abilities, Weirdness & Mutations

Your experience applies equally to all skills.
You have very sharp teeth.
Your uncanny sense of smell can sniff out nearby items.


Message History

The orc is moderately wounded.
You hit the ogre. The orc hits you with a +0 war axe.
The ogre hits you with a +0 giant club!
* * * LOW HITPOINT WARNING * * *
You barely miss the orc.
The orc is moderately wounded.
You hit the ogre. The orc hits you but does no damage.
Unknown command.
The orc hits you but does no damage.
Found 13 gold pieces.
Okay, then.
Throwing (i - inventory)
b - 3 poisoned darts (quivered)
Press: ? - help, Shift-Dir - straight line, f - ogre
Aim: an ogre, wielding a +0 giant club (moderately wounded)
You throw a poisoned dart.
The poisoned dart barely misses the ogre.
The poisoned dart hits the orc.
The orc is poisoned.
The orc is moderately wounded.
The ogre hits you with a +0 giant club!!
You die...

#.'## ###### ##.#.. ∆
....# #..#.' .$..#
#..#.# ... #..#.# ...
#..#.# #.# #.(#.# #.#
#..#.' #@# #..#.. #O#
#######..'## #o#
#...........
#.####.#####.#.#####.)#
#...!..........# ##.#
#######"####.########.#
..................
###.####.########## ...
#.#


You could see an ogre and an orc (poisoned).

Vanquished Creatures
  An iron imp (Abyss:2)
  An orc priest (D:3)
  5 adders
  A shadow imp (Abyss:1)
  4 worms
  2 dart slugs (D:2)
  2 leopard geckos
  2 orcs (D:3)
  2 giant cockroaches (D:1)
  8 goblins
  4 hobgoblins
  3 jackals (D:1)
  A quokka (D:2)
  6 bats
  4 frilled lizards
  6 kobolds
  5 rats
57 creatures vanquished.

Notes
Turn   | Place    | Note
-------+----------+-------------------------------------------
     0 | Abyss:1  | Gargoyl the Gnoll Abyssal Knight began the quest for the
                  | Orb.
     0 | Abyss:1  | Reached XP level 1. HP: 23/23 MP: 3/3
    83 | Abyss:1  | Reached XP level 2. HP: 25/29 MP: 5/5
   173 | Abyss:1  | Found a corrupted altar of Lugonu.
   220 | Abyss:1  | Noticed an eidolon
   227 | Abyss:2  | Found a corrupted altar of Lugonu.
   254 | Abyss:2  | Reached XP level 3. HP: 35/35 MP: 6/6
   294 | Abyss:2  | Noticed a large abomination
   302 | Abyss:2  | Noticed a smoke demon
   305 | D:1      | Escaped the Abyss
   387 | D:1      | Reached * piety under Lugonu
   480 | D:1      | Reached skill level 1 in Short Blades
   480 | D:1      | Reached skill level 1 in Long Blades
   480 | D:1      | Reached skill level 1 in Maces & Flails
   480 | D:1      | Reached skill level 1 in Polearms
   480 | D:1      | Reached skill level 1 in Staves
   480 | D:1      | Reached skill level 1 in Slings
   480 | D:1      | Reached skill level 1 in Bows
   480 | D:1      | Reached skill level 1 in Crossbows
   480 | D:1      | Reached skill level 1 in Throwing
   480 | D:1      | Reached skill level 1 in Stealth
   480 | D:1      | Reached skill level 1 in Shields
   480 | D:1      | Reached skill level 1 in Unarmed Combat
   480 | D:1      | Reached skill level 1 in Spellcasting
   480 | D:1      | Reached skill level 1 in Evocations
   663 | D:1      | You fall into a shaft and drop 1 floor!
   754 | D:2      | Reached XP level 4. HP: 35/41 MP: 7/7
  1122 | D:2      | Found a faded altar of an unknown god.
  1147 | D:2      | Reached skill level 1 in Conjurations
  1147 | D:2      | Reached skill level 1 in Hexes
  1147 | D:2      | Reached skill level 1 in Summonings
  1147 | D:2      | Reached skill level 1 in Necromancy
  1147 | D:2      | Reached skill level 1 in Translocations
  1147 | D:2      | Reached skill level 1 in Transmutations
  1147 | D:2      | Reached skill level 1 in Fire Magic
  1147 | D:2      | Reached skill level 1 in Ice Magic
  1147 | D:2      | Reached skill level 1 in Air Magic
  1147 | D:2      | Reached skill level 1 in Earth Magic
  1147 | D:2      | Reached skill level 1 in Poison Magic
  1395 | D:2      | Reached XP level 5. HP: 47/47 MP: 8/8
  1447 | D:2      | Found a shimmering blue altar of Sif Muna.
  2462 | D:3      | Found an iron altar of Okawaru.
  2578 | D:3      | Reached ** piety under Lugonu
  2699 | D:3      | Noticed an ogre
  2710 | D:3      | Mangled by an ogre

Illustrated notes

Levels and vault maps discovered:
D:1:      dpeg_arrival_rhombus, layout_basic
D:2:      layout_loops_corners, led_sif_pool, chequers_ecumenical_altar_simple
D:3:      layout_basic, lemuel_coloured_pillars_altar, minivault_11

Skill      XL: |  1  2  3  4  5 |
---------------+----------------+-----
Short Blades   | 1 |  1.5
Long Blades    | 1 |  1.5
Maces & Flails | 1 |  1.5
Polearms       | 1 |  1.5
Staves         | 1 |  1.5
Slings         | 1 |  1.5
Bows           | 1 |  1.5
Crossbows      | 1 |  1.5
Throwing       | 1 |  1.5
Stealth        | 1 |  1.5
Shields        | 1 |  1.5
Unarmed Combat | 1 |  1.5
Spellcasting   | 1 |  1.5
Evocations     | 1 |  1.5
Conjurations   | 1 |  1.2
Hexes          | 1 |  1.2
Summonings     | 1 |  1.2
Necromancy     | 1 |  1.2
Translocations | 1 |  1.2
Transmutations | 1 |  1.2
Fire Magic     | 1 |  1.2
Ice Magic      | 1 |  1.2
Air Magic      | 1 |  1.2
Earth Magic    | 1 |  1.2
Poison Magic   | 1 |  1.2
Dodging        | 3 |  3.0
Fighting       | |  6.7
Axes           | |  4.8
Armour         | |  4.8
Invocations    | |  4.9

Action                   |  1- 3 |  4- 6 || total
-------------------------+-------+-------++-------
Melee: Hand axe          |    58 |   144 ||   202
       Bite              |     4 |    10 ||    14
       Punch             |       |     1 ||     1
Throw: Dart              |       |     1 ||     1
Invok: Depart the Abyss  |     1 |       ||     1
Evoke: Wand              |     1 |       ||     1
  Use: Potion            |     1 |       ||     1
       Scroll            |     5 |     2 ||     7
Armor: Chain mail        |    48 |    92 ||   140
Dodge: Dodged            |    26 |    53 ||    79

Table legend: (Time is in decaauts)
 A = Elapsed time spent in this place.
 B = Non-inter-level travel time spent in this place.
 C = Inter-level travel time spent in this place.
 D = Time resting spent in this place.
 E = Time spent auto-exploring this place.
 F = Levels seen in this place.
 G = Mean time per level.
                   A        B        C        D        E       F      G
               +--------+--------+--------+--------+--------+-----+--------+
         Total |   2721 |   2701 |     20 |    193 |   1858 |   5 |  544.2 |
       Dungeon |   2414 |   2394 |     20 |    193 |   1637 |   3 |  804.7 |
         Abyss |    307 |    307 |      0 |      0 |    220 |   2 |  153.5 |
               +--------+--------+--------+--------+--------+-----+--------+

Top non-repeatable levels by time:
     D:2: 1056 daAuts
     D:3: 833 daAuts
     D:1: 525 daAuts
 Abyss:1: 228 daAuts
 Abyss:2: 79 daAuts
